 Dungeon Crawl Stone Soup version 0.30.1-9-gdf580d7c3d (webtiles) character file.

Game seed: 15884620460699509305

515 KittyFluff the Cudgeller (level 7, -1/66 HPs)
             Began as a Gargoyle Berserker on Oct 19, 2023.
             Was a Priest of Trog.
             Slain by a sleepcap (3 damage)
             ... on level 5 of the Dungeon.
             The game lasted 00:14:26 (3999 turns).

KittyFluff the Cudgeller (Gargoyle Berserker)       Turns: 3999, Time: 00:14:26

Health: -1/66      AC: 10    Str: 22    XL:     7   Next: 20%
Magic:  7/7        EV: 12    Int:  8    God:    Trog [***...]
Gold:   178        SH:  0    Dex:  9    Spells: 6/6 levels left

rFire   . . .        a - +0 mace
rCold   . . .        (no shield)
rNeg    + . .        b - +0 animal skin
rPois   ∞            (no helmet)
rElec   +            w - +1 cloak
rCorr   +            (no gloves)
SInv    .            m - +0 pair of boots
Will    .....        (no amulet) Stlth
                     e - ring of resist corrosion
HPRegen 0.31/turn    (no ring)
MPRegen 0.10/turn

%: no passive effects
@: berserking, very quick
A: sickness immunity, AC +4, negative energy resistance 1, electricity
resistance, torment resistance 1, petrification resistance
a: Renounce Religion, Berserk, Trog's Hand


You were on level 5 of the Dungeon.
You worshipped Trog.
Trog was most pleased with you.
You visited 1 branch of the dungeon, and saw 5 of its levels.

You collected 178 gold pieces.

Inventory:

Hand Weapons
 a - a +0 mace (weapon)
 q - a +0 sling
 v - a +3 quarterstaff of chaos
 y - a +0 quarterstaff
Missiles
 c - 4 silver boomerangs (quivered)
Armour
 b - a +0 animal skin (worn)
 m - a +0 pair of boots (worn)
 w - a +1 cloak (worn)
 z - a +2 ring mail of cold resistance
Jewellery
 e - a ring of resist corrosion (left hand)
Wands
 j - a wand of polymorph (5)
 u - a wand of flame (28)
Scrolls
 f - 2 scrolls of vulnerability {unknown}
 g - 2 scrolls of identify
 i - a scroll of blinking {unknown}
 k - a scroll of silence {unknown}
 n - a scroll of amnesia {unknown}
 p - a scroll of fog {unknown}
 r - 2 scrolls of teleportation {unknown}
 s - a scroll of torment {unknown}
 t - a scroll of enchant armour {unknown}
 x - a scroll of noise {unknown}
Potions
 d - a potion of haste
 h - a potion of lignification
 l - 2 potions of curing
 o - a potion of magic {unknown}
 A - a potion of berserk rage {unknown}


   Skills:
 + Level 4.6 Fighting
 * Level 5.2 Maces & Flails
 * Level 5.1 Armour
 + Level 2.8 Dodging


You had 6 spell levels left.
You didn't know any spells.
Your spell library was empty.

Dungeon Overview and Level Annotations

Branches:
Dungeon (5/15)
 Temple: D:4-7

Altars:
Dithmenos

Shops:
D:4 *


Innate Abilities, Weirdness & Mutations

You are immune to sickness and miasma.
Your stone body is resilient. (AC +4)
You are immune to poison.
You resist negative energy. (rN+)
You are resistant to electric shocks. (rElec)
You are resistant to unholy torment.
You are immune to petrification.


Message History

The centaur misses you. The centaur closely misses you.
The sleepcap releases spores at you. The centaur barely misses you.
The centaur misses you.
You hit the centaur but do no damage.
The centaur is moderately wounded.
The sleepcap releases spores at you. The centaur hits you.
* * * LOW HITPOINT WARNING * * *
The centaur kicks you but does no damage.
The sleepcap releases spores at you!
* * * LOW HITPOINT WARNING * * *
A red film seems to cover your vision as you go berserk!
You feel yourself moving faster!
You feel mighty!
The centaur hits you but does no damage.
The centaur kicks you.
* * * LOW HITPOINT WARNING * * *
The centaur barely misses you.
The centaur kicks you but does no damage.
The sleepcap barely misses you.
You hit the centaur.
The centaur is heavily wounded.
The centaur hits you but does no damage.
The centaur barely misses you.
You closely miss the centaur.
The centaur is heavily wounded.
The centaur hits you.
* * * LOW HITPOINT WARNING * * *
The centaur kicks you but does no damage.
The sleepcap releases spores at you.
* * * LOW HITPOINT WARNING * * *
You barely miss the centaur.
The centaur is heavily wounded.
The centaur barely misses you.
The centaur kicks you but does no damage.
The sleepcap misses you.
You closely miss the centaur.
The centaur is heavily wounded.
The centaur closely misses you.
The centaur kicks you but does no damage.
The sleepcap releases spores at you.
You die...

##### .# #...# .#
###...### ##|#####.
#.......####........
#>.............#....
#.......##.......#..
##..........(......$
###....####..........
####.....## ##.@c?.....
.......####......f......
##.#.#.####.###.#.#.#...
#........... #......#.#
#..#.#.##### ###.#.#..
........# ..## ..
#.##.##.# .. #
#.##.##... ...
#.##.######


You could see a sleepcap and a centaur.

Vanquished Creatures
  A black bear (D:5)
  2 phantoms
  Crazy Yiuf (D:3)
  A hound (D:5)
  An iguana (D:4)
  Ijyb (D:4)
  A sleepcap (D:5)
  3 adders
  A worm (D:4)
  5 dart slugs
  3 orcs
  3 bats
  8 endoplasms
  6 giant cockroaches
  7 goblins
  8 hobgoblins
  8 jackals (D:2)
  7 quokkas
  6 ball pythons
  10 frilled lizards
  11 kobolds
  5 rats
99 creatures vanquished.

Vanquished Creatures (others)
  A goblin (D:1)
1 creature vanquished.

Grand Total: 100 creatures vanquished

Notes
Turn   | Place    | Note
-------+----------+-------------------------------------------
     0 | D:1      | KittyFluff the Gargoyle Berserker began the quest for the
                  | Orb.
     0 | D:1      | Reached XP level 1. HP: 14/14 MP: 1/1
   198 | D:1      | Reached XP level 2. HP: 14/19 MP: 2/2
   571 | D:1      | Reached XP level 3. HP: 23/23 MP: 3/3
   820 | D:1      | Reached ** piety under Trog
  1336 | D:2      | Reached XP level 4. HP: 26/29 MP: 4/4
  1375 | D:2      | Found a shadowy altar of Dithmenos.
  2626 | D:3      | Found a runed translucent door.
  2627 | D:3      | Noticed Crazy Yiuf
  2635 | D:3      | Killed Crazy Yiuf
  2636 | D:3      | Reached XP level 5. HP: 8/33 MP: 5/5
  2990 | D:4      | Noticed a phantom
  3135 | D:4      | Reached *** piety under Trog
  3453 | D:4      | Killed a phantom
  3454 | D:4      | Reached XP level 6. HP: 34/38 MP: 6/6
  3472 | D:4      | Noticed Ijyb
  3497 | D:4      | Killed Ijyb
  3531 | D:4      | Found Dear's Assorted Antiques.
  3591 | D:5      | Entered Level 5 of the Dungeon
  3699 | D:5      | Noticed a black bear
  3717 | D:5      | Reached skill level 5 in Maces & Flails
  3731 | D:5      | Killed a black bear
  3732 | D:5      | Reached skill level 5 in Armour
  3732 | D:5      | Reached XP level 7. HP: 17/44 MP: 7/7
  3997 | D:5      | HP: 2/66 [sleepcap (3)]
  3999 | D:5      | Slain by a sleepcap

Illustrated notes

Levels and vault maps discovered:
D:1:      lemuel_arrival_cross, layout_basic, minmay_lizard_king
D:2:      layout_loops_ring, basic_altar, st_stairs_14
D:3:      layout_loops_corners, uniq_crazy_yiuf_cottage
D:4:      layout_cave_pools, serial_shops, shop, minmay_misc_feat_chi, uniq_ijyb
D:5:      layout_loops_ring, mainiacjoe_overflow_tiny_flanked,
          minmay_temple_entry_drinking_statues, chequers_garden,
          dk_noncrumbling_2

Skill      XL: |  1  2  3  4  5  6 |
---------------+-------------------+-----
Armour         | 3 4 5 |  5.1
Dodging        | 2 |  2.8
Maces & Flails | 4 5 |  5.2
Fighting       | 4 |  4.6

Action                     |  1- 3 |  4- 6 |  7- 9 || total
---------------------------+-------+-------+-------++-------
  Melee: Mace              |   131 |   256 |    10 ||   397
         Punch             |     1 |     2 |       ||     3
         Unarmed           |       |    18 |       ||    18
 Invoke: Berserk           |       |     2 |     1 ||     3
  Evoke: Wand              |       |     1 |       ||     1
    Use: Scroll            |       |     5 |       ||     5
   Stab: Sleeping          |     1 |     3 |       ||     4
 Armour: Animal skin       |    54 |   113 |    14 ||   181
         Skin              |       |     1 |       ||     1
  Dodge: Dodged            |    93 |   196 |    24 ||   313
